 Dungeon Crawl Stone Soup version 0.31-a0-75-g6fe912e8c5 (webtiles) character file.

Game seed: 4337874710557263708

19 ketsa the Shield-Bearer (level 2, 0/16 HPs)
             Began as a Vine Stalker Fighter on May 23, 2023.
             Was a Follower of Fedhas.
             Slain by an iguana (6 damage)
             ... on level 2 of the Dungeon.
             The game lasted 00:01:28 (840 turns).

ketsa the Shield-Bearer (Vine Stalker Fighter)       Turns: 840, Time: 00:01:28

Health: 0/16       AC:  6    Str: 18    XL:     2   Next: 75%
Magic:  0/3        EV:  9    Int:  8    God:    Fedhas [*.....]
Gold:   19         SH:  4    Dex: 13    Spells: 1/1 levels left

rFire   . . .        a - +0 long sword
rCold   . . .        c - +0 buckler
rNeg    . . .        b - +0 scale mail
rPois   .            (no helmet)
rElec   .            (no cloak)
rCorr   .            (no gloves)
SInv    .            (no boots)
Will    .....        (no amulet) Stlth
                     (no ring)
HPRegen 0.22/turn    (no ring)
MPRegen 0.08/turn

%: guardian spirit
@: no status effects
A: fangs 2, magic shield, antimagic bite, no potion heal 2
a: Renounce Religion


You were on level 2 of the Dungeon.
You worshipped Fedhas.
Fedhas was aware of your devotion.
You visited 1 branch of the dungeon, and saw 2 of its levels.

You collected 19 gold pieces.

Inventory:

Hand Weapons
 a - a +0 long sword (weapon)
 h - a +1 vampiric short sword
Armour
 b - a +0 scale mail (worn)
 c - a +0 buckler (worn)
Scrolls
 f - a scroll of identify {unknown}
 g - a scroll of fear {unknown}
 j - a scroll of teleportation {unknown}
Potions
 d - a potion of might
 e - a potion of haste {unknown}
 i - a potion of ambrosia {unknown}


   Skills:
 - Level 2.6 Fighting
 * Level 2.5 Long Blades
 - Level 2.4 Armour
 + Level 3.0 Shields


You had one spell level left.
You didn't know any spells.
Your spell library was empty.

Dungeon Overview and Level Annotations

Branches:
Dungeon (2/15)

Altars:
Fedhas


Innate Abilities, Weirdness & Mutations

You have extremely sharp teeth.
When hurt, damage is shared between your health and your magic reserves.
Your bite disrupts and absorbs the magic of your enemies.
Potions cannot restore your health.


Message History

Done exploring.
There is a stone staircase leading down here.
You climb downwards.
The adder hisses angrily.
Found 7 stones, a pink potion and a mace.
There is a stone staircase leading up here.
There are monsters nearby!
The giant cockroach bites you but does no damage.
You climb upwards.
There is a stone staircase leading down here.
You hit the giant cockroach but do no damage.
The giant cockroach bites you but does no damage.
You closely miss the giant cockroach.
You bite the giant cockroach, but do no damage.
You block the giant cockroach's attack. The giant cockroach bites you.
You barely miss the giant cockroach. Your bite misses the giant cockroach.
The giant cockroach closely misses you. The giant cockroach barely misses you.
You closely miss the giant cockroach. The giant cockroach barely misses you.
You slash the giant cockroach!
You kill the giant cockroach!
Fedhas appreciates your contribution to the ecosystem.
Magic restored.
Things that are here:
a +0 dagger; a +0 dagger You see here 2 stones.
There is a stone staircase leading down here.
You climb downwards.
There is a stone staircase leading up here.
An iguana comes into view.
You barely miss the iguana. You bite the iguana, but do no damage.
You block the iguana's attack. The iguana bites you!
Ouch! That really hurt!
You hit the iguana. You bite the iguana, but do no damage.
The iguana is lightly wounded.
The iguana bites you.
You closely miss the iguana.
The iguana is lightly wounded.
The iguana bites you.
You die...
Fedhas appreciates your contribution to the ecosystem.

#. # #.
####.###.#
#.##.@l......
####.#..##....!.
#......## .....
#......# ....
#......# ...
#......# ..
#....<.# .
########


You could see an iguana.

Vanquished Creatures
  A dart slug (D:1)
  3 giant cockroaches (D:1)
  A goblin (D:1)
  4 hobgoblins (D:1)
  A ball python (D:1)
  A bat (D:1)
  2 frilled lizards (D:1)
  2 kobolds (D:1)
  A rat (D:1)
16 creatures vanquished.

Notes
Turn   | Place    | Note
-------+----------+-------------------------------------------
     0 | D:1      | ketsa the Vine Stalker Fighter began the quest for the Orb.
     0 | D:1      | Reached XP level 1. HP: 11/11 MP: 2/2
   211 | D:1      | Reached XP level 2. HP: 16/16 MP: 3/3
   367 | D:1      | Found a faded altar of an unknown god.
   377 | D:1      | Prayed at the altar of an unknown god.
   377 | D:1      | Became a worshipper of Fedhas Madash
   377 | D:1      | Reached * piety under Fedhas
   393 | D:1      | Reached skill level 3 in Shields
   840 | D:2      | Slain by an iguana

Illustrated notes

Levels and vault maps discovered:
D:1:      heliophobic_arrival_henge, layout_basic, basic_ecumenical_altar,
          minmay_misc_feat_tower, minmay_pentomino_u4
D:2:      layout_rooms

Skill      XL: |  1  2 |
---------------+-------+-----
Long Blades    | 2 |  2.5
Shields        | 3 |  3.0
Fighting       | |  2.6
Armour         | |  2.4

Action                     || total
---------------------------++-------
  Melee: Long sword        ||    53
         Bite              ||    11
 Armour: Scale mail        ||    24
  Dodge: Dodged            ||    21
  Block: Buckler           ||    10

Table legend: (Time is in decaauts)
 A = Elapsed time spent in this place.
 B = Non-inter-level travel time spent in this place.
 C = Inter-level travel time spent in this place.
 D = Time resting spent in this place.
 E = Time spent auto-exploring this place.
 F = Levels seen in this place.
 G = Mean time per level.
                   A        B        C        D        E       F      G
               +--------+--------+--------+--------+--------+-----+--------+
         Total |    857 |    803 |     54 |    109 |    514 |   2 |  428.5 |
       Dungeon |    857 |    803 |     54 |    109 |    514 |   2 |  428.5 |
               +--------+--------+--------+--------+--------+-----+--------+

Top non-repeatable levels by time:
     D:1: 841 daAuts
     D:2: 16 daAuts
